 Dungeon Crawl Stone Soup version 0.19.5 (webtiles) character file.

1151 Jynx the Chiller (level 8, -5/52 HPs)
             Began as a Merfolk Ice Elementalist on Apr 8, 2017.
             Killed by nerve-wracking pain
             ... invoked by Grinder
              (12 damage)
             ... while paralysed by Grinder
             ... on level 5 of the Dungeon.
             The game lasted 00:14:11 (5702 turns).

Jynx the Chiller (Merfolk Ice Elementalist)         Turns: 5702, Time: 00:14:12

Health: -5/52      AC:  5    Str:  8    XL:     8   Next: 38%
Magic:  4/14       EV:  2    Int: 16    God:
Gold:   245        SH:  0    Dex: 15    Spells: 2 memorised, 11 levels left

rFire  . . .     SeeInvis .     i - +0 short sword
rCold  + . .     Gourm    .     a - +0 robe
rNeg   . . .     Faith    .     (no shield)
rPois  .         Spirit   .     k - +2 helmet
rElec  .         Reflect  .     (no cloak)
rCorr  .         Harm     .     (no gloves)
MR     .....                    (no boots)
Stlth  +++.......               h - amulet of magic regeneration
                                (no ring)
                                D - ring of protection from cold

@: paralysed
A: change form in water, swift swim, stealthy swim
a: no special abilities


You were on level 5 of the Dungeon.
You were hungry.

You visited 1 branch of the dungeon, and saw 5 of its levels.
You also visited: Sewer.

You collected 245 gold pieces.

Inventory:

Hand Weapons
 i - a +0 short sword (weapon)
Armour
 a - a +0 robe (worn)
 k - a +2 helmet (worn)
Jewellery
 h - an amulet of magic regeneration (around neck)
 D - a ring of protection from cold (left hand)
Scrolls
 g - 2 scrolls of recharging
 l - 3 scrolls of remove curse
 m - 3 scrolls of blinking
 p - a scroll of amnesia
 q - a scroll of fog
 t - 4 scrolls of noise
 v - a scroll of magic mapping
 y - a scroll of teleportation {unknown}
 C - 2 scrolls of fear
Potions
 d - a potion of cancellation {unknown}
 e - a potion of invisibility {unknown}
 j - 2 potions of haste {unknown}
 n - 2 potions of brilliance {unknown}
 r - a potion of might {unknown}
 u - a potion of berserk rage {unknown}
 x - a potion of ambrosia {unknown}
 z - 2 potions of heal wounds {unknown}
 A - a potion of flight {unknown}
Books
 b - a book of Frost

   Spells                             Type                      Level
   a - Freeze                         Ice                          1
   b - Throw Frost                    Conjuration/Ice              2
   c - Ozocubu's Armour               Charms/Ice                   3
   d - Throw Icicle                   Conjuration/Ice              4
   e - Summon Ice Beast               Ice/Summoning                4
 w - a book of Necromancy

   Spells                             Type                      Level
   a - Pain                           Necromancy                   1
   b - Animate Skeleton               Necromancy                   1
   c - Vampiric Draining              Necromancy                   3
   d - Regeneration                   Charms/Necromancy            3
   e - Animate Dead                   Necromancy                   4
   f - Control Undead                 Necromancy                   4
Comestibles
 c - 2 bread rations
 f - a slice of pizza
 o - 2 beef jerkies
 s - 2 meat rations


   Skills:
 + Level 4.8 Short Blades
 - Level 2.6 Dodging
 + Level 5.3 Stealth
 + Level 4.4 Spellcasting
   Level 0.7 Conjurations
 * Level 7.6 Ice Magic


You had 11 spell levels left.
You knew the following spells:

 Your Spells              Type           Power        Failure   Level  Hunger
a - Freeze                Ice            ####         1%          1    None
b - Ozocubu's Armour      Chrm/Ice       ###.....     12%         3    ###....


Dungeon Overview and Level Annotations

Branches:
Dungeon (5/15)
 Temple: D:4-7

Altars:
The Shining One

Annotations:
D:5 Grinder


Message History

Grinder is severely wounded.
Grinder hits you but does no damage.
Casting: Freeze
Confirm with . or Enter, or press ? or * to list all spells.
Aiming: Freeze
Press: ? - help, Shift-Dir - straight line, f/p - Grinder
Aim: Grinder (severely wounded)
You freeze Grinder.
Grinder resists.
Grinder is severely wounded.
Grinder gestures at you.
You suddenly lose the ability to move!
Grinder hits you.
* * * LOW HITPOINT WARNING * * *
You writhe in agony.
* * * LOW HITPOINT WARNING * * *
Grinder gestures at you.
You struggle to resist.
Grinder gestures at you. Pain shoots through your body!
You die...

#.######### ##.#######
#.##......###...#.....
#.##.####.##.........
#.##.####.###...#.####
#.##.#..............!.
#......##.####.##.####
####.####.# #.# ..
#......# #5# .
######## #@# #.# #.#
#.# #.# #.# #.# ...


You could see Grinder.

Vanquished Creatures
  Sigmund (D:3)
  Purgy (D:3)
  3 ogres (D:4)
  A crocodile (Sewer)
  2 crimson imps
  A centaur zombie (D:5)
  2 hounds
  3 orc wizards
  2 iguanas
  A worker ant (D:5)
  Robin (D:2)
  A worker ant zombie (D:5)
  6 adders
  3 river rats (D:3)
  A shadow imp (D:4)
  2 worms (D:3)
  3 dart slugs
  2 leopard geckos
  6 orcs
  15 bats
  2 giant cockroaches
  14 hobgoblins
  3 jackals (D:3)
  6 kobolds
  A quokka (D:2)
  9 frilled lizards
  23 goblins
  2 goblin skeletons (D:4)
  A goblin zombie (D:4)
  2 hobgoblin zombies (D:4)
  A kobold skeleton (D:4)
  A kobold zombie (D:4)
  An orc skeleton (D:4)
  19 rats
142 creatures vanquished.

Notes
Turn   | Place    | Note
-------+----------+-------------------------------------------
     0 | D:1      | Jynx the Merfolk Ice Elementalist began the quest for the Orb.
     0 | D:1      | Reached XP level 1. HP: 13/13 MP: 3/3
   265 | D:1      | Reached XP level 2. HP: 19/19 MP: 3/5
   389 | D:1      | Reached skill level 4 in Ice Magic
   641 | D:1      | Reached XP level 3. HP: 21/24 MP: 3/6
   657 | D:1      | Learned a level 3 spell: Ozocubu's Armour
  1073 | D:2      | Noticed Robin
  1157 | D:2      | Reached XP level 4. HP: 11/30 MP: 5/7
  1163 | D:2      | Killed Robin
  1163 | D:2      | Reached skill level 1 in Short Blades
  1945 | D:3      | Found a glowing drain.
  1990 | D:3      | Reached XP level 5. HP: 35/35 MP: 4/9
  2034 | Sewer    | Entered a sewer
  2068 | Sewer    | Noticed a crocodile
  2085 | Sewer    | Killed a crocodile
  2085 | Sewer    | Reached skill level 5 in Ice Magic
  2388 | D:3      | Reached XP level 6. HP: 41/41 MP: 8/10
  2767 | D:3      | Noticed Sigmund
  2779 | D:3      | Killed Sigmund
  2779 | D:3      | Reached XP level 7. HP: 28/46 MP: 1/12
  3197 | D:3      | Noticed Purgy
  3265 | D:3      | Killed Purgy
  3265 | D:3      | Reached skill level 6 in Ice Magic
  3449 | D:4      | Found a glowing golden altar of the Shining One.
  4441 | D:4      | Reached XP level 8. HP: 52/52 MP: 14/14
  4775 | D:4      | Reached skill level 5 in Stealth
  4775 | D:4      | Reached skill level 7 in Ice Magic
  4998 | D:5      | Entered Level 5 of the Dungeon
  5678 | D:5      | Noticed Grinder
  5699 | D:5      | Paralysed by Grinder for 7 turns
  5702 | D:5      | Killed from afar by Grinder

Skill      XL: |  1  2  3  4  5  6  7  8 |
---------------+-------------------------+-----
Ice Magic      | 4 5 6 7 |  7.6
Short Blades   | 1 2 3 4 |  4.8
Stealth        | 3 4 5 |  5.3
Spellcasting   | 3 4 |  4.4
Dodging        | |  2.6
Conjurations   | |  0.7

Action                   |  1- 3 |  4- 6 |  7- 9 || total
-------------------------+-------+-------+-------++-------
Melee: Unarmed           |     2 |       |       ||     2
       Short sword       |     7 |    50 |   108 ||   165
 Cast: Freeze            |    71 |    80 |    90 ||   241
       Ozocubu's Armour  |       |     7 |     4 ||    11
  Use: Scroll            |     1 |       |    12 ||    13
 Stab: Sleeping          |       |     1 |     9 ||    10
       Distracted        |       |       |     2 ||     2
  Eat: Chunk             |     2 |     6 |     9 ||    17
Armor: Robe              |    15 |    25 |    40 ||    80
Dodge: Dodged            |    47 |    88 |    99 ||   234
